 Dungeon Crawl Stone Soup version 0.30-b1-2-g02819fbbbe (webtiles) character file.

Game seed: 10139000289221043820

121 Fartwhistle the Trooper (level 5, -4/54 HPs)
             Began as an Ogre Gladiator on June 9, 2023.
             Slain by an orc
             ... wielding a +0 hand axe
              (5 damage)
             ... on level 3 of the Dungeon.
             The game lasted 00:03:18 (2397 turns).

Fartwhistle the Trooper (Ogre Gladiator)            Turns: 2397, Time: 00:03:19

Health: -4/54      AC:  3    Str: 20    XL:     5   Next: 5%
Magic:  5/5        EV: 10    Int:  9    God:
Gold:   87         SH:  0    Dex: 10    Spells: 4/4 levels left

rFire   + . .        a - +0 flail
rCold   + . .        (no shield)
rNeg    . . .        i - +0 robe {Will+}
rPois   +            c - +0 hat
rElec   +            (no cloak)
rCorr   +            (gloves unavailable)
SInv    .            (boots unavailable)
Will    ++...        (no amulet)
Stlth   +            j - ring of willpower
HPRegen 0.29/turn    (no ring)
MPRegen 0.09/turn

%: no passive effects
@: brilliant, resistant, attractive
A: large, unfitting armour, tough skin 1
a: no special abilities


You were on level 3 of the Dungeon.
You visited 1 branch of the dungeon, and saw 3 of its levels.

You collected 87 gold pieces.

Inventory:

Hand Weapons
 a - a +0 flail (weapon)
Missiles
 d - 3 throwing nets (quivered)
 e - 5 large rocks
 l - 4 silver boomerangs
Armour
 c - a +0 hat (worn)
 i - a +0 robe of willpower (worn)
Jewellery
 j - a ring of willpower (left hand)
Scrolls
 f - 2 scrolls of identify {unknown}
 h - a scroll of fog {unknown}
 m - a scroll of teleportation {unknown}
Potions
 k - a potion of attraction


   Skills:
 + Level 4.0 Fighting
 + Level 3.4 Maces & Flails
 + Level 3.0 Throwing
 + Level 3.4 Dodging


You had 4 spell levels left.
You didn't know any spells.
Your spell library was empty.

Dungeon Overview and Level Annotations

Branches:
Dungeon (3/15)

Altars:
Ashenzari

Shops:
D:1 *


Innate Abilities, Weirdness & Mutations

You are too large for most types of armour.
You have tough skin. (AC +1)


Message History

Aim: an adder (38% to hit)
You throw a large rock.
The large rock closely misses the adder.
The adder bites you. x2
You are poisoned.
The adder poisons you! The orc hits you with a +0 hand axe.
The adder misses you. The orc hits you with a +0 hand axe.
Throw: 6 large rocks
Press: ? - help, Shift-Dir - straight line, f/p - adder
Aim: an adder (38% to hit)
You throw a large rock. The large rock hits the adder!!
You kill the adder!
You feel very sick. The orc hits you with a +0 hand axe.
* * * LOW HITPOINT WARNING * * *
Your Fighting skill increases to level 4!
You have reached level 5!
You hit the orc.
The orc is almost dead.
You feel sick. The orc hits you with a +0 hand axe.
* * * LOW HITPOINT WARNING * * *
The orc barely misses you.
You closely miss the orc.
The orc is almost dead.
You feel sick. The orc hits you with a +0 hand axe.
* * * LOW HITPOINT WARNING * * *
It was a potion of attraction.
You feel attractive to monsters.
* * * LOW HITPOINT WARNING * * *
You feel sick. The orc closely misses you.
It was a potion of resistance.
You feel protected.
* * * LOW HITPOINT WARNING * * *
You feel sick.
You are no longer poisoned.
The orc barely misses you.
It was a potion of brilliance.
You feel clever all of a sudden. The orc hits you with a +0 hand axe.
You die...

+._.#....##.#
#...#..#..#.#
#####..#..#.#
...#...#....#
..##.####...### #######
.###.. ###...##.......
##...........#..#.......
..+.........##.........
..........#@(.....(
#######...##o......
..... ....... ###...
....... ..... .......
##... ....... #...
....... ###....


You could see an orc.

Vanquished Creatures
  An orc priest (D:2)
  An orc wizard (D:1)
  2 adders
  A worm (D:2)
  4 orcs
  3 endoplasms
  A giant cockroach (D:1)
  5 goblins
  2 hobgoblins
  3 jackals (D:1)
  A quokka (D:1)
  5 ball pythons
  5 bats
  4 frilled lizards
  5 kobolds
  A rat (D:1)
44 creatures vanquished.

Notes
Turn   | Place    | Note
-------+----------+-------------------------------------------
     0 | D:1      | Fartwhistle the Ogre Gladiator began the quest for the Orb.
     0 | D:1      | Reached XP level 1. HP: 22/22 MP: 1/1
    84 | D:1      | Reached XP level 2. HP: 29/29 MP: 2/2
   115 | D:1      | Reached skill level 3 in Fighting
   416 | D:1      | Found Vuet's Assorted Antiques.
   832 | D:2      | Reached XP level 3. HP: 36/37 MP: 3/3
  1072 | D:2      | Reached XP level 4. HP: 13/46 MP: 4/4
  2164 | D:2      | Identified the +1 leather armour of Starshine {rCorr}
  2366 | D:3      | Found a broken altar of Ashenzari.
  2393 | D:3      | Reached skill level 4 in Fighting
  2393 | D:3      | Reached XP level 5. HP: 12/54 MP: 5/5
  2394 | D:3      | HP: 2/54 [orc/+0 hand axe (3)]
  2397 | D:3      | Slain by an orc

Illustrated notes

Levels and vault maps discovered:
D:1:      ebering_trefoil_3fold, layout_basic, serial_shops, shop
D:2:      cheibrodos_pilgrimage, layout_basic
D:3:      layout_basic, nicolae_ashenzari_skybound,
          nicolae_overflow_hidden_temple

Skill      XL: |  1  2  3  4 |
---------------+-------------+-----
Fighting       | 3 4 |  4.0
Maces & Flails | 3 |  3.4
Dodging        | 3 |  3.4
Throwing       | 3 |  3.0

Action                     |  1- 3 |  4- 6 || total
---------------------------+-------+-------++-------
  Melee: Flail             |    88 |    59 ||   147
         Punch             |       |     1 ||     1
  Throw: Large rock        |     2 |     3 ||     5
    Use: Potion            |       |     3 ||     3
   Stab: Sleeping          |     1 |     1 ||     2
 Armour: Robe              |    30 |    23 ||    53
  Dodge: Dodged            |    59 |    40 ||    99
